Map: Port Aleksander LE

Players

Zanster - Winner!

  • Race: Zerg Zerg
  • Spawn Location: 5:00

Gremory

  • Race: Zerg Zerg
  • Spawn Location: 11:00

Event: IEM Season 13: Katowice (2019)

VOD

Have the link to the VOD?

Description

Time

  • Played on: Feb. 26, 2019, 8:51 a.m.
  • Length: 9:55

All games in this series

Show
View Real Time Build Order
Export as new Build Order

Zanster Zerg - Winner!

Build Orders: Hatch First 

Get SALT Encoding   

  12  0:00  Drone  
  13  0:12  Overlord  
  13  0:17  Drone  
  14  0:31  Drone  
  14  0:32  Drone  
  16  0:51  Hatchery  
  16  0:52  Drone  
  16  0:56  Drone  
  17  1:00  Drone  
  18  1:10  Extractor  
  17  1:16  Spawning Pool  
  16  1:18  Drone  
  16  1:21  Drone  
  18  1:28  Drone  
  19  1:39  Drone  
  20  1:50  Drone  
  21  2:02  Queen, Overlord  
  21  2:03  Queen  
  25  2:11  Metabolic Boost, Drone x2  
  25  2:14  Drone  
  28  2:23  Drone  
  28  2:24  Drone  
  30  2:37  Hatchery  
  30  2:39  Drone  
  30  2:41  Zergling x2  
  31  2:45  Zergling x2  
  32  2:52  Baneling Nest  
  32  2:54  Overlord  
  32  2:55  Drone  
  32  3:00  Drone  
  33  3:05  Zergling x2  
  33  3:06  Queen  
  36  3:15  Drone x4  
  36  3:18  Zergling x2  
  41  3:20  Drone  
  41  3:24  Overlord  
  41  3:26  Drone  
  43  3:33  Drone  
  44  3:40  Drone  
  44  3:42  Drone x2  
  44  3:44  Drone x3  
  44  3:47  Drone  
  50  3:50  Drone  
  50  3:51  Extractor  
  50  3:52  Drone  
  51  3:57  Evolution Chamber  
  51  3:58  Drone  
  51  3:59  Lair  
  50  4:03  Drone  
  50  4:04  Roach Warren  
  50  4:05  Drone  
  51  4:10  Drone  
  51  4:11  Drone  
  51  4:12  Drone  
  51  4:15  Drone x3  
  57  4:17  Overlord  
  57  4:20  Overlord  
  57  4:25  Zerg Missile Weapons Level 1  
  57  4:30  Overlord  
  57  4:34  Zergling x2  
  57  4:35  Overlord  
  57  4:37  Drone x4  
  61  4:39  Drone  
  61  4:40  Drone  
  61  4:43  Zergling x4  
  65  4:49  Drone x5  
  65  4:51  Drone  
  71  4:54  Extractor, Overlord  
  71  4:55  Extractor, Drone  
  71  4:57  Drone  
  71  4:58  Glial Reconstitution  
  71  5:00  Drone  
  71  5:06  Overlord  
  72  5:16  Roach  
  72  5:17  Roach x5  
  72  5:19  Roach  
  72  5:20  Roach  
  88  5:23  Overlord  
  88  5:26  Roach x2  
  88  5:28  Overlord  
  92  5:32  Roach  
  92  5:33  Overlord  
  94  5:36  Overlord  
  94  5:37  Roach  
  94  5:38  Roach  
  94  5:40  Overlord  
  98  5:49  Roach x4  
  106  5:52  Overseer  
  106  5:53  Hatchery  
  107  5:57  Roach x3  
  107  6:01  Baneling  
  110  6:06  Roach  
  110  6:07  Roach x2, Extractor  
  110  6:08  Overlord  
  110  6:10  Baneling  
  115  6:12  Roach  
  115  6:13  Overlord  
  115  6:16  Overlord  
  115  6:17  Roach  
  115  6:18  Roach x2  
  123  6:24  Drone  
  124  6:29  Drone  
  124  6:32  Drone x2  
  127  6:33  Zerg Missile Weapons Level 2  
  127  6:35  Drone  
  127  6:37  Drone  
  127  6:38  Drone x7  
  127  6:39  Evolution Chamber  
  135  6:41  Queen  
  135  6:43  Overlord  
  137  6:49  Roach x2  
  137  6:51  Extractor, Overlord  
  137  6:52  Extractor  
  139  6:58  Tunneling Claws, Burrow  
  139  7:00  Roach x2  
  142  7:09  Roach x4  
  142  7:10  Roach x2  
  142  7:12  Overlord  
  154  7:16  Roach x2  
  154  7:17  Overlord  
  158  7:26  Roach x5  
  158  7:27  Roach  
  170  7:32  Ravager x2  
  170  7:34  Roach x2  
  156  7:44  Roach  
  156  7:45  Roach x6  
  150  7:51  Roach  
  150  7:52  Roach x3  
  129  8:05  Roach  
  129  8:06  Roach x8  
  127  8:13  Roach x3  
  129  8:21  Roach  
  129  8:23  Roach x2  
  129  8:26  Roach  
  137  8:36  Roach x5  
  137  8:37  Roach x4  
  137  8:40  Roach  
  157  8:47  Roach x2  
  157  8:48  Roach x2  
  165  8:52  Roach  
  167  8:58  Roach x5  
  167  8:59  Drone x5  
  167  9:00  Roach x20, Drone x2  
  167  9:01  Drone  
  177  9:03  Roach x2  
  177  9:04  Infestation Pit  
  178  9:11  Roach x5  
  178  9:14  Overlord  
  188  9:18  Overlord  
  188  9:21  Overlord  
  188  9:22  Overseer  
  184  9:33  Roach x8  
Show
View Real Time Build Order
Export as new Build Order

Gremory Zerg 

Build Orders: Hatch First 

Get SALT Encoding   

  12  0:00  Drone  
  13  0:14  Overlord  
  13  0:18  Drone  
  14  0:33  Drone x2  
  16  0:38  Drone  
  17  0:54  Hatchery  
  16  0:57  Drone  
  16  1:01  Drone  
  18  1:11  Extractor  
  18  1:16  Spawning Pool  
  16  1:20  Drone  
  16  1:22  Drone  
  18  1:30  Drone  
  19  1:45  Drone  
  20  1:52  Drone  
  21  2:03  Overlord  
  21  2:06  Queen x2  
  25  2:09  Zergling x2  
  25  2:13  Zergling x2  
  27  2:16  Metabolic Boost  
  27  2:19  Drone  
  28  2:23  Drone  
  28  2:29  Drone  
  30  2:36  Drone  
  31  2:46  Drone  
  31  2:48  Hatchery  
  31  2:53  Zergling x4  
  33  2:58  Baneling Nest  
  33  3:02  Overlord  
  33  3:04  Drone  
  33  3:09  Drone  
  33  3:11  Queen  
  36  3:20  Overlord  
  36  3:24  Drone x3  
  39  3:29  Drone  
  39  3:30  Drone  
  41  3:35  Drone  
  41  3:36  Drone  
  41  3:38  Drone  
  41  3:40  Drone  
  43  3:42  Baneling x2  
  43  3:49  Zergling x4  
  43  3:50  Zergling x4  
  43  3:51  Drone  
  48  4:00  Drone x4  
  51  4:03  Extractor  
  51  4:06  Drone  
  51  4:08  Evolution Chamber  
  51  4:09  Extractor  
  49  4:11  Drone  
  49  4:12  Drone x2  
  52  4:19  Roach Warren  
  52  4:22  Drone x3  
  54  4:28  Overlord  
  54  4:30  Drone x2  
  56  4:34  Drone x3  
  58  4:38  Overlord  
  58  4:40  Overlord  
  58  4:49  Drone x3  
  58  4:52  Drone x4  
  65  4:55  Extractor, Zerg Missile Weapons Level 1  
  65  4:58  Drone x2  
  66  5:03  Lair  
  67  5:14  Overlord  
  67  5:19  Zergling x6  
  70  5:22  Zergling x8  
  70  5:24  Drone x2  
  70  5:26  Extractor, Baneling  
  70  5:27  Extractor  
  74  5:33  Drone x3  
  74  5:35  Overlord x2  
  74  5:47  Overlord  
  74  5:48  Roach x5  
  84  5:53  Roach  
  86  5:58  Roach x9  
  105  6:04  Roach  
  105  6:07  Roach  
  105  6:10  Roach x2  
  110  6:12  Glial Reconstitution  
  110  6:15  Roach  
  112  6:20  Overlord x2  
  112  6:23  Overlord x3  
  110  6:34  Roach x2  
  110  6:38  Overlord  
  110  6:39  Roach x2  
  128  6:40  Roach x5  
  128  6:45  Roach  
  130  6:50  Roach  
  130  6:52  Roach x3  
  130  6:53  Roach  
  140  6:56  Ravager  
  140  6:57  Ravager x4  
  140  6:59  Roach  
  144  7:02  Roach  
  144  7:03  Roach  
  144  7:07  Roach  
  144  7:08  Overseer  
  150  7:11  Roach x3  
  158  7:15  Roach  
  158  7:16  Roach  
  158  7:19  Baneling  
  160  7:24  Roach  
  160  7:25  Hatchery  
  160  7:26  Overlord x2  
  160  7:27  Ravager  
  160  7:28  Overseer  
  162  7:34  Overlord  
  162  7:40  Roach  
  151  7:46  Roach x9  
  142  7:53  Roach  
  142  7:54  Roach x2  
  126  8:03  Roach x5  
  123  8:06  Overlord  
  123  8:11  Roach x2  
  109  8:14  Roach  
  98  8:21  Roach x2  
  98  8:27  Roach  
  104  8:30  Roach x2  
  108  8:38  Roach  
  108  8:39  Roach x4  
  120  8:41  Roach  
  120  8:42  Ravager x2  
  120  8:46  Roach x2  
  126  8:48  Roach  
  126  8:52  Overseer  
  126  8:54  Overseer  
  128  8:57  Roach  
  128  9:00  Extractor  
  128  9:01  Queen  
  128  9:02  Roach  
  135  9:03  Roach, Overlord  
  135  9:18  Roach  
  135  9:19  Roach x6  
  149  9:26  Roach x3  

Tags
 
Add a new tag
Caveats
  • Supply blocks, unpowered buildings, or Contaminate may cause inaccurate times.
  • Supply counts are checked every 10 seconds.